 Dungeon Crawl Stone Soup version 0.30-a0-883-g5ad918d77d (webtiles) character file.

Game seed: 3089728499262450516

2748 FexLirch the Zephyrmancer (level 9, -10/45 HPs)
             Began as a Tengu Air Elementalist on Mar 17, 2023.
             Was a Believer of Vehumet.
             Mangled by a hornet (15 damage)
             ... on level 6 of the Dungeon.
             The game lasted 00:19:11 (8513 turns).

FexLirch the Zephyrmancer (Tengu Air Elementalist)  Turns: 8513, Time: 00:19:12

Health: -10/45     AC:  3    Str:  9    XL:     9   Next: 68%
Magic:  6/13       EV: 19    Int: 19    God:    Vehumet [**....]
Gold:   231        SH:  0    Dex: 15    Spells: 2/12 levels left

rFire   . . .      SeeInvis .    g - +1 dagger (venom)
rCold   . . .      Faith    .    (no shield)
rNeg    . . .      Spirit   .    a - +0 robe
rPois   .          Reflect  .    (helmet restricted)
rElec   .          Rampage  .    (no cloak)
rCorr   .                        B - +0 pair of gloves
Will    .....                    (boots unavailable)
Stlth   ++                       l - amulet of the acrobat
HPRegen 0.27/turn                q - +5 ring of evasion
MPRegen 0.13/turn                (no ring)

@: lethally poisoned (-10 -> -20), flying quickly and evasively, slowed, very
slow
A: beak, talons 3, nimble flight
a: Renounce Religion


You were on level 6 of the Dungeon.
You worshipped Vehumet.
Vehumet was pleased with you.
You visited 2 branches of the dungeon, and saw 7 of its levels.

You collected 231 gold pieces.

Inventory:

Hand Weapons
 c - a +0 vampiric whip
 g - a +1 dagger of venom (weapon)
Missiles
 e - 59 stones
 j - 36 poisoned darts
 v - a throwing net
 E - 3 boomerangs
 G - a curare-tipped dart
Armour
 a - a +0 robe (worn)
 B - a +0 pair of gloves (worn)
Jewellery
 l - an amulet of the acrobat (around neck)
 q - a +5 ring of evasion (left hand)
Wands
 u - a wand of polymorph (7)
 I - a wand of roots (7)
Scrolls
 h - 3 scrolls of vulnerability {unknown}
 i - 5 scrolls of teleportation {unknown}
 k - a scroll of summoning {unknown}
 n - 2 scrolls of fear {unknown}
 o - 7 scrolls of identify {unknown}
 p - a scroll of silence {unknown}
 x - 2 scrolls of immolation {unknown}
 y - a scroll of poison {unknown}
 z - 2 scrolls of brand weapon {unknown}
 A - 4 scrolls of enchant armour {unknown}
 D - a scroll of magic mapping {unknown}
 H - a scroll of blinking {unknown}
Potions
 b - a potion of magic
 d - 2 potions of brilliance {unknown}
 f - a potion of heal wounds {unknown}
 m - 6 potions of curing {unknown}
 r - a potion of attraction {unknown}
 s - a potion of berserk rage {unknown}
 t - 5 potions of mutation {unknown}
 w - a potion of haste {unknown}
 C - 2 potions of lignification {unknown}
 F - a potion of resistance {unknown}
 J - a potion of degeneration {unknown}


   Skills:
 - Level 2.1 Dodging
 - Level 2.0 Stealth
 - Level 2.0 Spellcasting
 + Level 11.9 Conjurations
 + Level 12.5 Air Magic


You had 2 spell levels left.
You knew the following spells:

 Your Spells              Type           Power      Damage    Failure   Level
a - Shock                 Conj/Air       100%       1d9       1%          1
b - Static Discharge      Conj/Air       96%        2-6/arc   1%          2
c - Swiftness             Air            49%        N/A       1%          3
d - Airstrike             Air            24%        2d(4-20)  1%          4

Your spell library contained the following spells:

 Spells                   Type           Power      Damage    Failure   Level
 Scorch                   Fire           2%         2d5       26%         2
 Apportation              Tloc           2%         N/A       17%         1
 Beastly Appendage        Tmut           2%         N/A       17%         1
 Necrotise                Necr           4%         1d4       17%         1
 Sandblast                Erth           2%         2d4       17%         1
 Summon Small Mammal      Summ           4%         N/A       17%         1
 Passwall                 Tmut/Erth      0%         N/A       26%         2
 Wereblood                Tmut           1%         N/A       26%         2
 Stone Arrow              Conj/Erth      48%        3d10      4%          3
 Spider Form              Tmut/Pois      1%         N/A       45%         3


Dungeon Overview and Level Annotations

Branches:
Dungeon (6/15)             Temple (1/1) D:4

Altars:
Ashenzari
Cheibriados
Dithmenos
Elyvilon
Gozag
Hepliaklqana
Kikubaaqudgha
Makhleb
Nemelex Xobeh
Okawaru
Qazlal
Ru
Trog
Uskayaw
Vehumet
Wu Jian
Xom
Yredelemnul
Zin
The Shining One

Annotations:
D:5 fozzywoppz's ghost, novice GrMo


Innate Abilities, Weirdness & Mutations

You have a beak for a mouth.
You have claws for feet.
Your magical nature lets you fly swiftly and evasively.


Message History

You see here a +0 short sword.
o - 7 scrolls labelled UFUMNIP HUQONU (gained 1) Key pressed, stopping explore.
A hornet comes into view.
A hornet is nearby!
The zap hits the hornet.
The hornet is lightly wounded.
The zap hits the hornet.
The hornet is lightly wounded.
The zap misses the hornet.
Casting: Shock (safe; 1% risk of failure)
Confirm with . or Enter, or press ? or * to list all spells.
The hornet is struck by an arc of lightning!
The hornet is moderately wounded.
You are struck by an arc of lightning.
The hornet is struck by an arc of lightning.
The hornet is moderately wounded.
You are struck by an arc of lightning.
The hornet is struck by an arc of lightning.
The hornet is heavily wounded.
The lightning grounds out.
The hornet stings you.
You suddenly lose the ability to move!
The hornet stings you!
You are poisoned.
You feel yourself slow down.
You feel very sick. The hornet stings you!
You are lethally poisoned!
You feel as though you will be slow longer.
You can move again.
Casting: Static Discharge (safe; 1% risk of failure)
Confirm with . or Enter, or press ? or * to list all spells.
The hornet is struck by an arc of lightning.
The hornet is severely wounded.
You are struck by an arc of lightning.
* * * LOW HITPOINT WARNING * * *
The lightning grounds out.
* * * LOW HITPOINT WARNING * * *
You feel very sick. The hornet barely misses you. The hornet stings you!
You die...

#'J'## #
#.....###.....#####
..)..#.#
#.............†....
.#))...#
#.............#####
.#<....# #....#....#...#
.#)##.## #.#..........##
.#.# .# #.#....##....#
.#)# .# #.#....##....#
.#.# .#
#.#..........##### .#.#
#y@..#....#......## #.#
....................#.##
#.#
#######............##...
.$# #....####....#####
... ####.# ##..## # ###
.# #.## .# ###.###
#.....# ##.###)....#####


You could see a hornet.

Vanquished Creatures
  Sigmund (D:5)
  Edmund (D:5)
  2 ice beasts
  2 orc warriors (D:6)
  2 black bears
  An ogre (D:5)
  A centaur (D:5)
  A phantom (D:4)
  4 kobold brigands (D:6)
  5 scorpions
  A howler monkey (D:6)
  6 hounds
  3 jellies
  4 orc priests
  3 sleepcaps (D:4)
  8 orc wizards
  3 iguanas (D:5)
  7 gnolls
  A river rat (D:3)
  11 adders
  A white imp (D:6)
  An ufetubus (D:3)
  7 worms
  2 dart slugs
  16 orcs
  6 bats
  13 endoplasms
  3 giant cockroaches
  7 goblins
  7 hobgoblins
  7 jackals (D:1)
  16 kobolds
  3 quokkas
  5 ball pythons
  5 frilled lizards
  10 rats
  2 toadstools (D:6)
178 creatures vanquished.

Vanquished Creatures (others)
  2 fungi (D:6)
  9 toadstools (D:6)
11 creatures vanquished.

Grand Total: 189 creatures vanquished

Notes
Turn   | Place    | Note
-------+----------+-------------------------------------------
     0 | D:1      | FexLirch the Tengu Air Elementalist began the quest for the
                  | Orb.
     0 | D:1      | Reached XP level 1. HP: 10/10 MP: 4/4
   142 | D:2      | Reached XP level 2. HP: 15/15 MP: 0/6
   151 | D:2      | Reached XP level 3. HP: 19/19 MP: 0/7
   161 | D:2      | Reached skill level 5 in Air Magic
   383 | D:2      | Reached XP level 4. HP: 17/24 MP: 0/8
   508 | D:2      | Learned a level 2 spell: Static Discharge
   512 | D:2      | Learned a level 3 spell: Swiftness
  1913 | D:1      | Gained mutation: Your magical nature lets you fly swiftly
                  | and evasively. [Tengu growth]
  1913 | D:1      | Reached XP level 5. HP: 28/28 MP: 6/9
  2276 | D:3      | Reached skill level 6 in Air Magic
  2701 | D:3      | Reached skill level 5 in Conjurations
  3073 | D:3      | Reached XP level 6. HP: 27/32 MP: 5/10
  3688 | D:3      | Found a faded altar of an unknown god.
  3714 | D:4      | Reached skill level 7 in Air Magic
  3804 | D:4      | HP: 1/32 [sleepcap (6)]
  3981 | D:4      | Reached XP level 7. HP: 32/36 MP: 0/11
  4173 | D:4      | Found a staircase to the Ecumenical Temple.
  4201 | D:4      | Reached skill level 8 in Air Magic
  4590 | Temple   | Entered the Ecumenical Temple
  4953 | Temple   | Became a worshipper of Vehumet
  5121 | D:5      | Entered Level 5 of the Dungeon
  5121 | D:5      | Noticed Sigmund
  5240 | D:5      | Reached skill level 9 in Air Magic
  5240 | D:5      | Reached XP level 8. HP: 19/41 MP: 5/12
  5545 | D:5      | Killed Sigmund
  5647 | D:5      | Noticed Edmund
  5650 | D:5      | Reached skill level 10 in Air Magic
  6191 | D:5      | Reached skill level 10 in Conjurations
  6207 | D:5      | Reached * piety under Vehumet
  6207 | D:5      | Offered knowledge of Magic Dart by Vehumet.
  6334 | D:5      | Killed Edmund
  6335 | D:5      | Reached skill level 11 in Air Magic
  6335 | D:5      | Reached XP level 9. HP: 14/45 MP: 2/13
  6587 | D:5      | Found a runed translucent door.
  6588 | D:5      | Noticed fozzywoppz's ghost (novice GrMo)
  6788 | D:5      | Learned a level 4 spell: Airstrike
  7677 | D:6      | Reached skill level 12 in Air Magic
  7885 | D:5      | Offered knowledge of Scorch by Vehumet.
  7890 | D:5      | Reached ** piety under Vehumet
  8507 | D:6      | Noticed a hornet
  8511 | D:6      | Paralysed by a hornet for 2 turns
  8513 | D:6      | Mangled by a hornet

Illustrated notes

Levels and vault maps discovered:
D:1:      amcnicky_arrival_flooded_fountain, layout_rooms
D:2:      layout_basic, minmay_tall_x
D:3:      layout_basic, lightli_sewer_entry_pipes,
          chequers_ecumenical_altar_grove, chequers_jeans
D:4:      layout_gridville, minmay_temple_entry_sparse_star
D:5:      layout_loops_ring, gammafunk_ghost_grave, kennysheep_generic_room_11,
          uniq_grinder, uniq_sigmund, uniq_edmund
D:6:      cheibrodos_fertilizer, layout_loops_ring, mainiacjoe_overflow_paths,
          serial_shops, nicolae_lakefront_shop, skrybe_limestone_x,
          hangedman_decor_slide_cut
Temple:   mainiacjoe_temple_cubbyholes

Skill      XL: |  1  2  3  4  5  6  7  8  9 |
---------------+----------------------------+-----
Conjurations   | 2 3 4 5 6 8 10 11 | 11.9
Air Magic      | 5 6 7 9 11 12 | 12.5
Dodging        | |  2.1
Stealth        | |  2.0
Spellcasting   | |  2.0

Action                     |  1- 3 |  4- 6 |  7- 9 || total
---------------------------+-------+-------+-------++-------
  Melee: Whip              |     7 |       |       ||     7
         Kick              |     1 |    14 |     8 ||    23
         Dagger            |       |    35 |    22 ||    57
         Peck              |       |     6 |     4 ||    10
         Punch             |       |     1 |     1 ||     2
   Cast: Shock             |    24 |   155 |   187 ||   366
         Static Discharge  |       |    18 |    51 ||    69
         Airstrike         |       |       |     4 ||     4
         Swiftness         |       |       |     2 ||     2
   Stab: Sleeping          |       |     1 |       ||     1
 Armour: Robe              |     3 |     7 |    10 ||    20
  Dodge: Dodged            |    12 |    47 |    96 ||   155

Table legend: (Time is in decaauts)
 A = Elapsed time spent in this place.
 B = Non-inter-level travel time spent in this place.
 C = Inter-level travel time spent in this place.
 D = Time resting spent in this place.
 E = Time spent auto-exploring this place.
 F = Levels seen in this place.
 G = Mean time per level.
                   A        B        C        D        E       F      G
               +--------+--------+--------+--------+--------+-----+--------+
         Total |   8197 |   7659 |    538 |    781 |   5427 |   7 | 1171.0 |
       Dungeon |   7840 |   7385 |    455 |    781 |   5168 |   6 | 1306.7 |
        Temple |    356 |    274 |     82 |      0 |    259 |   1 |  356.0 |
               +--------+--------+--------+--------+--------+-----+--------+

Top non-repeatable levels by time:
     D:5: 1772 daAuts
     D:3: 1558 daAuts
     D:2: 1350 daAuts
     D:4: 1223 daAuts
     D:6: 1041 daAuts
     D:1: 895 daAuts
  Temple: 356 daAuts
